 Dungeon Crawl Stone Soup version 0.18.1-48-g4cf74bf (webtiles) character file.

2538 grulito the Cleaver (level 9, -8/79 HPs)
             Began as a Minotaur Fighter on June 28, 2016.
             Mangled by an orc warrior
             ... wielding a +0 glaive
              (27 damage)
             ... on level 7 of the Dungeon.
             The game lasted 00:29:05 (7743 turns).

grulito the Cleaver (Minotaur Fighter)              Turns: 7743, Time: 00:29:06

Health: -8/79      AC:  8    Str: 24    XL:     9   Next: 30%
Magic:  0/0        EV:  7    Int:  7    God:
Gold:   495        SH:  9    Dex: 10    Spells: 0 memorised, 8 levels left

rFire  + + +     SeeInvis .     H - +2 hand axe (chop)
rCold  . . .     Gourm    .     b - +0 scale mail
rNeg   . . .     Faith    +     c - +0 shield
rPois  +         Spirit   .     (helmet restricted)
rElec  .         Dismiss  .     (no cloak)
rCorr  .         Reflect  .     (no gloves)
SustAt .         Harm     .     (no boots)
MR     +....                    t - amulet of faith
Stlth  ..........               e - ring of Pekho {+Blink rPois rF+++ MP-9 Int+2}
                                A - ring of protection from magic

@: somewhat resistant to hostile enchantments, extremely unstealthy
A: retaliatory headbutt, horns 2
a: Evoke Blink


You were on level 7 of the Dungeon.
You were not hungry.

You visited 1 branch of the dungeon, and saw 7 of its levels.

You collected 495 gold pieces.

Inventory:

Hand Weapons
 a - a +0 war axe
 p - a +0 war axe
 B - a +0 mace
 C - a +7 dire flail of draining
 H - a +2 hand axe of chopping (weapon)
Armour
 b - a +0 scale mail (worn)
 c - a +0 shield (worn)
Magical Staves
 G - an uncursed staff of wizardry {unknown}
Jewellery
 e - the ring of Pekho (right hand) {+Blink rPois rF+++ MP-9 Int+2}
   (You found it on level 4 of the Dungeon)

   [ring of poison resistance]

   It affects your intelligence (+2).
   It renders you almost immune to fire.
   It protects you from poison.
   It affects your magic capacity (-9).
   It lets you blink.
 o - an uncursed ring of ice
 t - an amulet of faith (around neck)
 A - a ring of protection from magic (left hand)
Wands
 n - a wand of confusion (27/48)
 y - a wand of flame (18/48)
 E - a wand of paralysis (15/24)
Scrolls
 f - a scroll of fog
 g - 4 scrolls of identify
 h - 3 scrolls of magic mapping {unknown}
 k - 2 scrolls of amnesia
 l - 2 scrolls of remove curse
 m - a scroll of fear {unknown}
 r - 2 scrolls of noise {unknown}
 w - 2 scrolls of immolation {unknown}
 x - a scroll of enchant weapon {unknown}
 D - a scroll of enchant armour {unknown}
 I - 3 scrolls of recharging {unknown}
 J - a scroll of teleportation
Potions
 d - a potion of might
 i - 2 potions of brilliance
 q - a potion of curing
 u - 2 potions of berserk rage
 v - a potion of heal wounds {unknown}
 z - a potion of lignification {unknown}
Comestibles
 j - 2 meat rations
 s - 2 bread rations
 F - 3 chunks of flesh


   Skills:
 + Level 7.1 Fighting
 * Level 10.7 Axes
 + Level 9.2 Armour
 + Level 1.7 Stealth
 - Level 3.7 Shields


You had 8 spell levels left.
You didn't know any spells.

Dungeon Overview and Level Annotations

Branches:
Dungeon (7/15)
 Temple: D:4-7

Altars:
Cheibriados
Nemelex Xobeh
Okawaru
Ru
Trog

Annotations:
D:3 Natasha


Innate Abilities, Weirdness & Mutations

You reflexively headbutt those who attack you in melee.
You have a pair of horns on your head.


Message History

The orc warrior is moderately wounded.
You completely miss the orc warrior. You headbutt the orc warrior.
The orc warrior is moderately wounded.
You block the orc warrior's attack.
You hit the orc warrior but do no damage.
The orc warrior is moderately wounded.
The orc warrior hits you with a glaive!
You hit the orc warrior but do no damage.
Your headbutt misses the orc warrior.
The orc warrior is moderately wounded.
The orc warrior hits you with a glaive!!
* * * LOW HITPOINT WARNING * * *
You are too injured to fight recklessly!
You block the orc warrior's attack.
The orc warrior hits you from afar with a glaive!
* * * LOW HITPOINT WARNING * * *
You see here a giant gecko corpse.
You block the orc warrior's attack.
The orc warrior hits you with a glaive!!
You die...

.)........# #.# #.....###.#
#.# #.###.# #.# #.# #.# #.#
#.# #.# #.# #.# #.# #o# #.#
#.###.### #.# #.###.#.....#
#######.#
...##.#.....########.......#
#.###...........@o...#######
### ###.....##########
#######.....# ....รท.....###
###########


You could see an orc warrior.

Vanquished Creatures
  2 orc warriors
  3 sky beasts
  2 black bears
  2 ogres
  2 centaurs (D:6)
  Blork the orc (D:6)
  A big kobold (D:6)
  5 scorpions (D:5)
  3 howler monkeys
  A centaur zombie (D:5)
  4 crimson imps
  A jelly (D:6)
  2 centaur skeletons (D:4)
  An orc priest (D:7)
  Crazy Yiuf (D:3)
  3 hounds
  An iguana (D:4)
  6 orc wizards
  Natasha (D:3)
  6 worker ants
  2 sheep (D:6)
  A hound skeleton (D:6)
  A worker ant zombie (D:7)
  5 gnolls
  7 adders
  A shadow imp (D:7)
  An adder skeleton (D:6)
  6 worms
  A dart slug (D:2)
  4 giant geckos
  14 orcs
  12 bats
  8 giant cockroaches
  6 goblins
  4 hobgoblins
  11 jackals
  17 kobolds
  2 quokkas
  2 ball pythons
  7 giant newts
  A quokka skeleton (D:6)
  A quokka zombie (D:6)
  9 rats
  A fungus (D:5)
172 creatures vanquished.

Vanquished Creatures (others)
  4 fungi (D:5)
4 creatures vanquished.

Grand Total: 176 creatures vanquished

Notes
Turn   | Place    | Note
--------------------------------------------------------------
     0 | D:1      | grulito the Minotaur Fighter began the quest for the Orb.
     0 | D:1      | Reached XP level 1. HP: 19/19 MP: 0/0
   231 | D:1      | Reached XP level 2. HP: 23/27 MP: 1/1
   730 | D:2      | Reached skill level 3 in Axes
   891 | D:2      | Reached XP level 3. HP: 33/33 MP: 2/2
  1388 | D:3      | Reached XP level 4. HP: 40/40 MP: 3/3
  1397 | D:3      | Reached skill level 4 in Axes
  1557 | D:3      | Noticed Natasha
  1578 | D:3      | Killed Natasha
  1578 | D:3      | Reached skill level 5 in Armour
  1696 | D:3      | Reached XP level 5. HP: 44/46 MP: 4/4
  1935 | D:3      | Reached skill level 5 in Axes
  2013 | D:3      | You fall through a shaft for 2 floors!
  2013 | D:5      | Entered Level 5 of the Dungeon
  2103 | D:5      | Found an iron altar of Okawaru.
  2229 | D:4      | Reached XP level 6. HP: 51/53 MP: 5/5
  2518 | D:3      | Noticed Natasha
  2635 | D:3      | Noticed Crazy Yiuf
  2640 | D:3      | Killed Crazy Yiuf
  2807 | D:4      | Reached skill level 6 in Axes
  3353 | D:4      | Reached skill level 5 in Fighting
  3353 | D:4      | Reached XP level 7. HP: 57/61 MP: 6/6
  3422 | D:4      | HP: 3/61 [poisoned by a worker ant]
  3709 | D:4      | Found a sparkling altar of Nemelex Xobeh.
  3807 | D:4      | Reached skill level 7 in Axes
  3903 | D:4      | Got a clouded copper ring
  4353 | D:5      | Found a sacrificial altar of Ru.
  4723 | D:5      | Reached skill level 8 in Axes
  4752 | D:5      | Reached XP level 8. HP: 37/70 MP: 7/7
  5568 | D:6      | Reached skill level 1 in Stealth
  5587 | D:6      | Reached skill level 9 in Axes
  6262 | D:6      | Noticed Blork the orc
  6397 | D:6      | Killed Blork the orc
  6751 | D:6      | Found a bloodstained altar of Trog.
  6881 | D:6      | Reached skill level 10 in Axes
  6881 | D:6      | Reached XP level 9. HP: 64/78 MP: 8/8
  6945 | D:6      | Found a snail-covered altar of Cheibriados.
  7275 | D:6      | Identified the ring of Pekho {+Blink rPois rF+++ MP-9 Int+2} (You found it on level 4 of the Dungeon)
  7743 | D:7      | Mangled by an orc warrior

Skill      XL: |  1  2  3  4  5  6  7  8  9 |
---------------+----------------------------+-----
Armour         | 4 5 6 7 8 9 |  9.2
Axes           | 3 4 5 6 8 10 | 10.7
Fighting       | 4 5 6 7 |  7.1
Stealth        | 1 |  1.7
Shields        | |  3.7

Action                   |  1- 3 |  4- 6 |  7- 9 || total
-------------------------+-------+-------+-------++-------
Melee: War axe           |   119 |   144 |   224 ||   487
       Headbutt          |    18 |    19 |    54 ||    91
       Hand axe          |       |       |    58 ||    58
  Use: Scroll            |       |     6 |     2 ||     8
       Potion            |       |       |     1 ||     1
 Stab: Held in net/web   |       |       |     1 ||     1
  Eat: Chunk             |     1 |     3 |     7 ||    11
       Bread ration      |       |     1 |       ||     1
       Beef jerky        |       |       |     1 ||     1
       Meat ration       |       |       |     1 ||     1
Armor: Scale mail        |    80 |    67 |   106 ||   253
Dodge: Dodged            |    37 |    47 |    88 ||   172
Block: Shield            |    88 |    75 |   142 ||   305
